[Event "TePe Sigeman & Co Chess Tournament 2024"]
[Site "Elite Plaza Hotel, Gustav Adolfs Torg 49, Malmo, Sweden"]
[Date "2024.04.29"]
[Round "3.1"]
[White "Svidler, Peter"]
[Black "Abdusattorov, Nodirbek"]
[Result "1/2-1/2"]
[TimeControl "90 minutes for 40 moves + 30 minutes for the rest of the game + 30 seconds per move from move one."]
[WhiteTitle "GM"]
[BlackTitle "GM"]
[WhiteFideId "4102142"]
[BlackFideId "14204118"]
[WhiteElo "2689"]
[BlackElo "2765"]

1. c4 e5 2. g3 c6 3. d4 exd4 4. Qxd4 Na6 5. Nf3 Nf6 6. Bg2 Bc5 7. Qe5+ Be7 8. Nc3 O-O 9. O-O Re8 10.
Qf4 Bb4 11. Rd1 Nc5 12. Bd2 Nce4 13. Rac1 d6 14. Nd4 Nxd2 15. Rxd2 Ba5 16. Nf5 Bxf5 17. Qxf5 Re5 18. Qxe5 dxe5 19.
Rxd8+ Rxd8 20. Ne4 Nxe4 21. Bxe4 Rd2 22. Rc2 Rd4 23. Bf5 c5 24. e3 Rd1+ 25. Kg2 h5 26. Be4 b6 27. f4 exf4 28.
exf4 g6 29. Bd5 Kf8 30. Kh3 Rd4 31. Re2 b5 32. b3 Bc3 33. Re3 Ba5 34. Bc6 bxc4 35. Re8+ Kg7 36. bxc4 Rxc4 37. Re7 Bb6 38. Rxf7+ Kxf7 39. Bd5+ Kf6 40.
Bxc4 g5 41. fxg5+ 1/2-1/2

[ePGN "0.1;DGT LiveChess/2.2.6"]

[Event "TePe Sigeman & Co Chess Tournament 2024"]
[Site "Elite Plaza Hotel, Gustav Adolfs Torg 49, Malmo, Sweden"]
[Date "2024.04.29"]
[Round "3.2"]
[White "Grandelius, Nils"]
[Black "Ju, Wenjun"]
[Result "1/2-1/2"]
[TimeControl "90 minutes for 40 moves + 30 minutes for the rest of the game + 30 seconds per move from move one."]
[WhiteTitle "GM"]
[BlackTitle "GM"]
[WhiteFideId "1710400"]
[BlackFideId "8603006"]
[WhiteElo "2664"]
[BlackElo "2559"]

1. d4 Nf6 2. c4 e6 3. Nc3 d5 4. cxd5 exd5 5. Bg5 Be7 6. e3 h6 7. Bf4 O-O 8. Bd3 c5 9. Nge2 Nc6 10.
O-O cxd4 11. Nxd4 Nxd4 12. exd4 Bd6 13. Be5 Ng4 14. Bg3 Bxg3 15. hxg3 Be6 16. Re1 Qg5 17. Be2 Rad8 18. Bf3 h5 19.
Bxg4 Qxg4 20. Qxg4 hxg4 21. Rac1 Rd6 22. Ne2 g5 23. f4 gxf3 24. gxf3 Rc8 25. Rxc8+ Bxc8 26. Rc1 Be6 27. Kf2 Kf8 28.
Rc7 Rd7 29. Rc8+ Ke7 30. Ra8 a6 31. Rb8 Kd6 32. Nc3 Rc7 33. Rd8+ Rd7 34. Rh8 f6 35. Rh6 Rf7 36. Na4 Bf5 37.
g4 Bc2 38. Nc3 Ke6 39. Rh8 Rd7 40. Rb8 Kd6 41. Kg3 Bg6 42. Na4 Kc6 43. Nc3 Kd6 44. Rf8 Ke7 45. Rh8 Bc2 46. Rc8 Kd6 47.
Kf2 Bg6 48. Rf8 Ke7 49. Rb8 Bc2 50. Ke3 Kd6 51. Kd2 Bg6 52. Rf8 Ke7 53. Rg8 Bf7 54. Rb8 Kd6 55. Na4 Re7 56. Nc5 Kc6 57.
Rc8+ Kd6 58. Rh8 Bg6 59. Rh6 Rg7 60. Nxb7+ Rxb7 61. Rxg6 Ke6 62. b3 Rh7 63. Rg8 Rh2+ 64. Kd3 Rxa2 65.
Ra8 a5 66. Ra7 Kd6 67. Ra6+ Ke7 68. Ra7+ Ke6 69. Ra6+ Ke7 70. Ra7+ 1/2-1/2

[ePGN "0.1;DGT LiveChess/2.2.6"]

[Event "TePe Sigeman & Co Chess Tournament 2024"]
[Site "Elite Plaza Hotel, Gustav Adolfs Torg 49, Malmo, Sweden"]
[Date "2024.04.29"]
[Round "3.3"]
[White "Korobov, Anton"]
[Black "Keymer, Vincent"]
[Result "1/2-1/2"]
[TimeControl "90 minutes for 40 moves + 30 minutes for the rest of the game + 30 seconds per move from move one."]
[WhiteTitle "GM"]
[BlackTitle "GM"]
[WhiteFideId "14105730"]
[BlackFideId "12940690"]
[WhiteElo "2651"]
[BlackElo "2726"]

1. d4 Nf6 2. c4 e6 3. Nc3 Bb4 4. Nf3 O-O 5. Qb3 c5 6. dxc5 Na6 7. Bd2 Qe7 8. e3 Nxc5 9. Qc2 b6 10.
Be2 Bb7 11. O-O Rac8 12. Rac1 a5 13. a3 Bxc3 14. Bxc3 Nfe4 15. Be1 d6 16. b4 axb4 17. axb4 Nd7 18. Nd2 Nxd2 19. Qxd2 d5 20.
f3 Ne5 21. cxd5 exd5 22. Rxc8 Rxc8 23. Qd4 Qe6 24. Bc3 f6 25. Ra1 Qc6 26. Bb2 b5 27. Qc5 Qxc5 28. bxc5 Rxc5 29. Bd4 Rc2 30.
Bxb5 Nc6 31. h4 Nxd4 32. exd4 Rb2 33. Bd7 Kf8 34. Ra7 Rb6 35. h5 h6 36. Kf2 Ba6 37. Bf5 Bb7 38. Bd7 Ba6 39.
Ra8+ Ke7 40. Bf5 Bb5 41. Ra7+ Kf8 42. Bg6 Rb8 43. g4 Rd8 44. Rf7+ Kg8 45. Rb7 Bd7 46. Ke3 Kf8 47. Kf4 Be6 48.
Bf5 Bf7 49. Kg3 Ra8 50. Kh4 Ra4 51. Bg6 Bxg6 52. hxg6 Rxd4 53. Rf7+ Kg8 54. Rd7 Kf8 55. Kg3 Ra4 56. Rd8+ Ke7 57.
Rg8 f5 58. Rxg7+ Kf6 59. Rf7+ Kxg6 60. Rxf5 Ra5 61. Kf4 Kg7 1/2-1/2

[ePGN "0.1;DGT LiveChess/2.2.6"]

[Event "TePe Sigeman & Co Chess Tournament 2024"]
[Site "Elite Plaza Hotel, Gustav Adolfs Torg 49, Malmo, Sweden"]
[Date "2024.04.29"]
[Round "3.4"]
[White "Erigaisi, Arjun"]
[Black "Maurizzi, Marc'Andria"]
[Result "1-0"]
[TimeControl "90 minutes for 40 moves + 30 minutes for the rest of the game + 30 seconds per move from move one."]
[WhiteTitle "GM"]
[BlackTitle "GM"]
[WhiteFideId "35009192"]
[BlackFideId "36083534"]
[WhiteElo "2756"]
[BlackElo "2605"]

1. d4 d5 2. c4 e6 3. Nf3 Nf6 4. Nc3 c6 5. cxd5 exd5 6. Bf4 Bf5 7. e3 Nbd7 8. h3 Bb4 9. Qb3 Qb6 10.
g4 Bg6 11. Nh4 Be7 12. Nxg6 hxg6 13. f3 Nf8 14. Bg3 Ne6 15. Kf2 Bd8 16. Kg2 Bc7 17. Bf2 Bd6 18. h4 Qc7 19. Be2 O-O 20.
Rae1 b5 21. g5 Nh5 22. f4 Nhxf4+ 23. exf4 Nxf4+ 24. Kf1 b4 25. Nd1 Rae8 26. Bf3 Rxe1+ 27. Bxe1 Qc8 28. Bd2 Qf5 29. Bxf4 Qxf4 30.
Qe3 Qf5 31. Kg2 Qc2+ 32. Qe2 Qf5 33. Qe3 Bf4 34. Qf2 Re8 35. Re1 Rxe1 36. Qxe1 Kh7 37. Qe2 Bd6 38. Qd2 a5 39. Nf2 Bc7 40.
Bd1 Qe6 41. Qd3 Kg8 42. b3 Qd6 43. Ng4 Qe6 44. Qe2 Qd7 45. Qe3 Bb6 46. Ne5 Qe7 47. Qf4 Qe8 48. h5 gxh5 49. Bxh5 g6 50.
Bg4 Bc7 51. Qf6 Bd8 52. Qxc6 Qxc6 53. Nxc6 Bxg5 54. Nxa5 Be7 55. Bf3 f5 56. Bxd5+ Kg7 57. Bc4 Kf6 58. Nb7 g5 59. d5 Ke5 60.
d6 Bxd6 61. Nxd6 Kxd6 62. Kf3 Ke5 63. Ke3 g4 64. Ba6 f4+ 65. Kd3 f3 66. Ke3 Kf5 67. Bc8+ Kg5 68. Bb7 1-0